[Event "*** Titled Tuesday Blitz"]
[Site "Chess.com"]
[Date "2021.02.09"]
[Round "5"]
[White "ohajek96"]
[Black "ketster"]
[Result "0-1"]
[WhiteElo "2245"]
[BlackElo "2444"]
[TimeControl "180+1"]
[EndTime "10:57:13 PST"]
[Termination "ketster won on time"]

1. d4 Nf6 2. Nc3 d5 3. Bf4 a6 4. e3 e6 5. Nf3 Bb4 6. a3 Bxc3+ 7. bxc3 Ne4 8. c4 g5 9. Be5 f6 10. Bg3 h5 11. h3 Nxg3 12. fxg3 Qd6 13. Kf2 O-O 14. Bd3 Kg7 15. Rf1 Nc6 16. c5 Qe7 17. Kg1 e5 18. dxe5 fxe5 19. e4 d4 20. Kh2 Be6 21. Qd2 Kg6 22. h4 g4 23. Ng5 Bg8 24. Rf5 Rf6 25. Rxf6+ Qxf6 26. Rf1 Qe7 27. Qf2 Kg7 28.
Qe2 Rf8 29. Rf5 Qxc5 30. Qf2 Qe7 31. Qe2 Rf6 32. Qf2 Qf8 33. Qe2 a5 34. Qf2 Ne7 35. Rxf6 Qxf6 36. Qd2 b6 37. c3 c5 38. cxd4 cxd4 39. Qc2 Qc6 0-1

[Event "*** Titled Tuesday Blitz"]
[Site "Chess.com"]
[Date "2021.02.09"]
[Round "5"]
[White "platy3"]
[Black "aa175"]
[Result "0-1"]
[WhiteElo "2845"]
[BlackElo "2616"]
[TimeControl "180+1"]
[EndTime "10:57:14 PST"]
[Termination "aa175 won by resignation"]

1. e4 c5 2. Nf3 d6 3. d4 cxd4 4. Qxd4 Nf6 5. Be2 Nc6 6. Qe3 Bg4 7. O-O g6 8. h3 Bxf3 9. Bxf3 Bg7 10. Rd1 O-O 11. Nc3 Nd7 12. Nd5 Rc8 13. c3 b5 14.
Be2 a6 15. a4 e6 16. Nf4 Nc5 17. axb5 axb5 18. Bxb5 Qb6 19. Be2 Rfd8 20. b4 Nxb4 21. Rb1 Bxc3 22. Qxc3 Ncd3 23. Be3 Nxf4 24. Qf6 Nxe2+ 25.
Kh2 Qb5 26. Rxb4 Qxb4 27. Rd4 Nxd4 28. Bh6 Nf5 29. exf5 Qc3 30. Qe7 Qe5+ 31. f4 Qxf5 32. Bg5 Re8 33. Qd7 e5 34. Qxd6 exf4 35. Bh6 Qe5 0-1

[Event "*** Titled Tuesday Blitz"]
[Site "Chess.com"]
[Date "2021.02.09"]
[Round "5"]
[White "The_Machine04"]
[Black "Homino"]
[Result "0-1"]
[WhiteElo "2471"]
[BlackElo "2308"]
[TimeControl "180+1"]
[EndTime "10:57:15 PST"]
[Termination "Homino won on time"]

1. d4 Nf6 2. Bg5 Ne4 3. Bf4 c5 4. f3 Nf6 5. dxc5 Qa5+ 6. Nc3 Qxc5 7. e4 d6 8. Qd2 Nc6 9. O-O-O Be6 10. Kb1 g6 11. h4 h5 12. Nb5 Rc8 13. Be3 Qb4 14. Qxb4 Nxb4 15. c3 Bxa2+ 16. Kc1 a6 17. Nd4 e5 18.
Kd2 exd4 19. Bxd4 Bh6+ 20. Ke2 Bg7 21. cxb4 Rc2+ 22. Ke3 Bh6+ 23. Kd3 Rc6 24. Be3 Bc4+ 25. Kd2 Bg7 26. Bxc4 Rxc4 27. Ne2 O-O 0-1

[Event "*** Titled Tuesday Blitz"]
[Site "Chess.com"]
[Date "2021.02.09"]
[Round "5"]
[White "Fischerev7"]
[Black "soumeow"]
[Result "0-1"]
[WhiteElo "2372"]
[BlackElo "2240"]
[TimeControl "180+1"]
[EndTime "10:57:15 PST"]
[Termination "soumeow won by resignation"]

1. e4 c5 2. Nf3 Nc6 3. d4 cxd4 4. Nxd4 Nf6 5. Nc3 d6 6. Bg5 e6 7. Qd2 a6 8. O-O-O Bd7 9. f4 Be7 10. Nf3 b5 11. a3 b4 12. axb4 Nxb4 13. Bxf6 gxf6 14.
f5 Rc8 15. Qd4 Qa5 16. Kb1 e5 17. Qe3 d5 18. exd5 Bxf5 19. Bd3 Rxc3 20. bxc3 Qa2+ 21. Kc1 Bxd3 22. Qf2 Bc5 23. Nd4 exd4 24. cxd3 Qxf2 25. Rd2 Qe3 26. Kd1 Nxd3 27. Re2 Nf2+ 28. Ke1 Qxe2+ 29.
Kxe2 Nxh1 30. cxd4 Bxd4 31. Kd3 Be5 32. g3 Kd7 33. Ke4 Rc8 0-1

[Event "*** Titled Tuesday Blitz"]
[Site "Chess.com"]
[Date "2021.02.09"]
[Round "5"]
[White "Trickster_Pony"]
[Black "Taktikmonster"]
[Result "0-1"]
[WhiteElo "1490"]
[BlackElo "2283"]
[TimeControl "180+1"]
[EndTime "10:57:15 PST"]
[Termination "Taktikmonster won on time"]

1. c4 c5 2. g3 g6 3. Bg2 Bg7 4. Nc3 Nc6 5. e3 d6 6. Nge2 e5 7. O-O Nge7 8. d3 O-O 9. Rb1 Be6 10.
Nd5 Rb8 11. a3 b5 12. Nxe7+ Nxe7 13. cxb5 Rxb5 14. Nc3 Bb3 15. Qe2 Rb8 16. e4 Nc6 17. Be3 Na5 18. Nd5 c4 19. Rbc1 Rc8 20. Bxa7 cxd3 21.
Qxd3 Bc4 22. Qe3 Qd7 23. Rfe1 Bxd5 24. exd5 Nc4 25. Qe2 Nxb2 26. Qxb2 Qxa7 27. Rc6 Rfd8 28. Qc2 Ra8 29. Rc7 Qxa3 30. Rc6 Qa5 31. Rc7 Qxe1+ 32. Bf1 Ra1 0-1

[Event "*** Titled Tuesday Blitz"]
[Site "Chess.com"]
[Date "2021.02.09"]
[Round "5"]
[White "MatthewG-p4p"]
[Black "Fighter008"]
[Result "1-0"]
[WhiteElo "2823"]
[BlackElo "2584"]
[TimeControl "180+1"]
[EndTime "10:57:16 PST"]
[Termination "MatthewG-p4p won by resignation"]

1. f4 d6 2. Nf3 g6 3. g3 Bg7 4. d3 e5 5. Nc3 Nc6 6. Bg2 Nge7 7. O-O O-O 8. e4 f5 9. fxe5 dxe5 10. exf5 gxf5 11. Bg5 h6 12. Be3 Ng6 13. Qd2 f4 14. Bc5 Rf7 15. Rae1 Bg4 16. Kh1 Qd7 17. Ng1 Re8 18. Be4 Bf5 19. Qg2 Kh8 20. Rf2 Nd8 21.
Ref1 b6 22. Be3 Rg8 23. Bd2 Bf8 24. Bxf5 Qxf5 25. Qe4 Bc5 26. Qxf5 Rxf5 27. Rg2 Ne6 28. Ne4 Be7 29. g4 Rf7 30. Nf3 Kh7 31. Bc3 Bd6 32. Re1 Nef8 33. g5 Nd7 34. gxh6 Kxh6 35.
Reg1 Rfg7 36. Nfg5 Ngf8 37. Nf7+ Kh5 38. Rxg7 1-0

[Event "*** Titled Tuesday Blitz"]
[Site "Chess.com"]
[Date "2021.02.09"]
[Round "5"]
[White "Ekose"]
[Black "TimofeevAr"]
[Result "0-1"]
[WhiteElo "2605"]
[BlackElo "2864"]
[TimeControl "180+1"]
[EndTime "10:57:17 PST"]
[Termination "TimofeevAr won by resignation"]

1. d4 Nf6 2. Nf3 g6 3. Bg5 Bg7 4. Nbd2 h6 5. Bh4 d6 6. c3 O-O 7.
e4 Nc6 8. Bb5 a6 9. Bxc6 bxc6 10. O-O a5 11. Re1 g5 12. Bg3 a4 13. b3 Nh5 14. bxa4 Nxg3 15. hxg3 Bd7 16. Nb3 c5 17. e5 Bxa4 18. dxc5 dxe5 19. Qxd8 Rfxd8 20. Rad1 Rxd1 21. Rxd1 Bc6 22. Rd2 e6 23. Re2 f6 24. Rb2 f5 25.
Re2 e4 26. Nfd4 Bd5 27. Rc2 Bc4 28. Nd2 Bxa2 29. Nb5 Bd5 30. Nxc7 Ra1+ 31. Kh2 f4 32. c4 Bc6 33. Nxe6 e3 34. fxe3 fxe3 35. Nf3 Rd1 36. Re2 Bxf3 37. gxf3 Rd2 38. Rg2 e2 0-1

[Event "*** Titled Tuesday Blitz"]
[Site "Chess.com"]
[Date "2021.02.09"]
[Round "5"]
[White "Willychess95"]
[Black "Chessbard1972"]
[Result "1-0"]
[WhiteElo "2617"]
[BlackElo "2404"]
[TimeControl "180+1"]
[EndTime "10:57:17 PST"]
[Termination "Willychess95 won by checkmate"]

1. e4 c5 2. Nf3 a6 3. c4 e6 4. Nc3 Qc7 5. g3 Nc6 6. Bg2 g6 7. d3 Bg7 8. h4 h5 9. O-O Nf6 10. Re1 Ng4 11. Rb1 O-O 12. Bf4 d6 13. Ne2 b5 14. b3 Bb7 15. Nh2 Nge5 16. Be3 Nd7 17. f4 f5 18. Nf3 Nf6 19. Ng5 Rae8 20. Nc3 Ng4 21. Qd2 Nxe3 22. Rxe3 Bd4 23. Kh2 Bxe3 24. Qxe3 Nd4 25. Ne2 Qg7 26. e5 Bxg2 27. Kxg2 Qb7+ 28.
Kh2 Nxe2 29. Qxe2 d5 30. Rc1 bxc4 31. dxc4 d4 32. Nf3 Qe4 33. Qf1 Re7 34. Ne1 d3 35.
Nxd3 Rd8 36. Nxc5 Rd2+ 37. Kh3 Qd4 38. b4 a5 39. Nb3 Qb2 40. Nxd2 Qxd2 41. bxa5 Rd7 42.
c5 Rd3 43. c6 Qe3 44. Qxd3 Qxd3 45. c7 Qe2 46. c8=Q+ Kg7 47. Rc7+ Kh6 48. Qh8# 1-0

[Event "*** Titled Tuesday Blitz"]
[Site "Chess.com"]
[Date "2021.02.09"]
[Round "5"]
[White "volunteers1998"]
[Black "Taran2004"]
[Result "0-1"]
[WhiteElo "2064"]
[BlackElo "2458"]
[TimeControl "180+1"]
[EndTime "10:57:19 PST"]
[Termination "Taran2004 won by resignation"]

1. e4 c5 2. Nf3 d6 3. d4 cxd4 4. Nxd4 Nf6 5. Nc3 a6 6. Be3 e5 7. Nb3 Be7 8. f3 Be6 9. Qd2 Nbd7 10. g4 b5 11. g5 Nh5 12. O-O-O Nb6 13. Kb1 Nc4 14.
Bxc4 bxc4 15. Nc1 O-O 16. Nd5 Bxd5 17. Qxd5 Qc7 18. Ne2 Rab8 19. Nc3 Rb4 20. h4 Rfb8 21. Bc1 Nf4 22. Qd2 Qb6 23. b3 a5 24. Nd5 Nxd5 25. Qxd5 a4 26. Bb2 axb3 27. cxb3 cxb3 28. a3 Rb5 29. Qd3 Ra8 30. Rd2 Qb7 31. Rc1 d5 32. exd5 Bd6 33. Rc6 Rb6 34. Rxb6 Qxb6 35. Rd1 g6 36.
Rc1 Bxa3 37. Bxa3 Rxa3 38. Qc3 Ra8 39. Qc6 Qa5 40. Kb2 Qa3+ 41. Kc3 Qxc1+ 0-1

[Event "*** Titled Tuesday Blitz"]
[Site "Chess.com"]
[Date "2021.02.09"]
[Round "5"]
[White "AlexSuv"]
[Black "Andrakhanova"]
[Result "1-0"]
[WhiteElo "2445"]
[BlackElo "2249"]
[TimeControl "180+1"]
[EndTime "10:57:19 PST"]
[Termination "AlexSuv won by resignation"]

1. d4 d5 2. c4 e6 3. Nc3 c6 4. e4 dxe4 5. Nxe4 Bb4+ 6. Bd2 Qxd4 7. Bxb4 Qxe4+ 8. Be2 Ne7 9. Nf3 Nd7 10. O-O c5 11. Bc3 O-O 12. Re1 Qc6 13. Bd3 Ng6 14. h4 Nf6 15. Qc1 e5 16. Nxe5 Nxe5 17. Rxe5 h6 18. Qf4 Be6 19. Rae1 Rad8 20. Bc2 Rfe8 21. Qg3 Bxc4 22.
Rxe8+ Rxe8 23. Rd1 Be2 24. Rd6 Qxd6 25. Qxd6 Ng4 26.
Qxc5 b6 27. Qc6 Rd8 28. f3 Ne3 29. Be4 Rd1+ 30. Kf2 Nc4 31. Qc8+ 1-0

[Event "*** Titled Tuesday Blitz"]
[Site "Chess.com"]
[Date "2021.02.09"]
[Round "5"]
[White "wannabe2700"]
[Black "Federtiu"]
[Result "0-1"]
[WhiteElo "2759"]
[BlackElo "2606"]
[TimeControl "180+1"]
[EndTime "10:57:20 PST"]
[Termination "Federtiu won by resignation"]

1. b3 g6 2. Bb2 Nf6 3. Nf3 Bg7 4. g3 O-O 5. Bg2 a5 6. O-O a4 7. c4 Nc6 8. d4 d5 9. cxd5 Nxd5 10. e4 Nb6 11. h3 Be6 12. Na3 axb3 13. axb3 Na5 14.
Nb5 Bxb3 15. Qd2 Nbc4 16. Qc3 c5 17. Rfc1 Qb6 18. Na3 cxd4 19. Nxd4 Nxb2 20. Nab5 Na4 21. Qb4 Bxd4 22. Qxd4 Qxb5 23. Rcb1 Rfd8 24. Qe3 Nc5 25. Bf1 Qb4 26. h4 b6 27. h5 Qd4 28. Qg5 Nxe4 29.
Qf4 e5 30. Qf3 Nd2 31. Qf6 Nxb1 32. Rxb1 e4 33. Qf4 Bc4 34. Bxc4 Nxc4 35. h6 Ra1 36.
Rxa1 Qxa1+ 37. Kg2 Qe5 38. Qc1 b5 39. Qb1 e3 40. f3 e2 41. Qe1 Rd1 42. Qxd1 exd1=Q 0-1

[Event "*** Titled Tuesday Blitz"]
[Site "Chess.com"]
[Date "2021.02.09"]
[Round "5"]
[White "Fusikk"]
[Black "Happy1712Drummer"]
[Result "0-1"]
[WhiteElo "2626"]
[BlackElo "2403"]
[TimeControl "180+1"]
[EndTime "10:57:20 PST"]
[Termination "Happy1712Drummer won by checkmate"]

1. d4 e6 2. c4 Nf6 3. Nf3 d5 4. g3 Bb4+ 5. Bd2 a5 6. Qc2 Ne4 7. Bg2 Nxd2 8. Nbxd2 Be7 9. O-O O-O 10. Rac1 c6 11. e4 b6 12. Rfd1 Ba6 13. Ne5 dxe4 14.
Nxe4 Qc7 15. h4 h6 16. a4 Ra7 17. c5 b5 18. axb5 Bxb5 19. Nc4 Bxc4 20. Qxc4 Rb7 21.
b3 Rd8 22. Rd3 Rb4 23. Qc3 Nd7 24. Ra1 Nf6 25. Nd2 Nd5 26. Qc2 Bf6 27. Nc4 Rb5 28. Qd1 Nb4 29. Rd2 g6 30. Nd6 Rxd6 31. cxd6 Qxd6 32. Rc1 Nd5 33. h5 gxh5 34. Qxh5 Bg5 35.
Qg4 Nf6 36. Qd1 Bxd2 37. Qxd2 Kg7 38. Rxc6 Qb4 39. Qf4 Qe1+ 40. Kh2 Rh5+ 41. Bh3 Rxh3+ 42. Kxh3 Qh1# 0-1

[Event "*** Titled Tuesday Blitz"]
[Site "Chess.com"]
[Date "2021.02.09"]
[Round "5"]
[White "Fighterman91"]
[Black "StockholmMissile"]
[Result "0-1"]
[WhiteElo "2657"]
[BlackElo "2512"]
[TimeControl "180+1"]
[EndTime "10:57:20 PST"]
[Termination "StockholmMissile won by resignation"]

1. e4 e5 2. Nf3 Nc6 3. d4 exd4 4. Nxd4 Bc5 5. Nb3 Bb6 6. Nc3 Nf6 7. Bg5 h6 8. Bh4 d6 9. Bd3 O-O 10. f4 Re8 11. Qe2 Bg4 12. Bxf6 Bxe2 13. Bxd8 Bxd3 14.
cxd3 Raxd8 15. Kd2 Nd4 16. Nxd4 Bxd4 17. Rac1 c6 18.
Ne2 Bf6 19. g4 g5 20. Rcf1 gxf4 21. Nxf4 Bxb2 22. Nh5 d5 23. Kc2 Bh8 24. Re1 dxe4 25. Rxe4 Rxe4 26. dxe4 Rd4 27. Re1 Rc4+ 28. Kb3 Rc3+ 29.
Ka4 Rc2 30. Kb3 Rxh2 31. Rd1 Be5 32. Rd8+ Kh7 33. Rd7 Kg6 34. Rxb7 Rb2+ 35. Kc4 Rxb7 36. Kc5 Rb2 37. Kxc6 Rxa2 38. Ng3 Bxg3 39. Kb7 a5 40. Ka8 a4 41. e5 a3 42. e6 fxe6 43. g5 h5 44. Ka7 0-1

[Event "*** Titled Tuesday Blitz"]
[Site "Chess.com"]
[Date "2021.02.09"]
[Round "5"]
[White "Gerodot71"]
[Black "davigator"]
[Result "0-1"]
[WhiteElo "2506"]
[BlackElo "2374"]
[TimeControl "180+1"]
[EndTime "10:57:21 PST"]
[Termination "davigator won by resignation"]

1. d4 Nf6 2. c4 e6 3. Nf3 Bb4+ 4. Bd2 a5 5. g3 b6 6. Bg2 Ba6 7.
Qc2 c6 8. O-O O-O 9. Bf4 Be7 10.
Nbd2 d5 11. Rfd1 Nbd7 12. Rac1 Rc8 13. Qb3 h6 14. Ne5 g5 15. Be3 Kg7 16. cxd5 cxd5 17.
Nc6 Qe8 18. Re1 Bd6 19. f3 Nb8 20. Ne5 Qd8 21. Bf2 Rxc1 22. Rxc1 Bxe2 23. Nc6 Nxc6 24. Rxc6 b5 25. h4 g4 26. Qe3 Bxf3 27. Nxf3 gxf3 28. Bxf3 Qd7 29. Rc1 Rc8 30. Be1 Rxc1 31. Qxc1 Qc7 32.
Qe3 Bxg3 33. Bd2 Ng8 34. Be2 Bxh4 35. Kg2 Bg5 36. Qd3 Bxd2 37. Qxd2 b4 38. Bd3 Nf6 39. Qe3 Nh5 40. Bf1 Qf4 41. Qh3 Qg5+ 42. Kf2 Nf6 43. Bg2 Qf4+ 44. Ke2 Qxd4 45. Qg3+ Kh7 0-1

[Event "*** Titled Tuesday Blitz"]
[Site "Chess.com"]
[Date "2021.02.09"]
[Round "5"]
[White "mirochka"]
[Black "Noam_Vitenberg"]
[Result "1-0"]
[WhiteElo "2249"]
[BlackElo "2408"]
[TimeControl "180+1"]
[EndTime "10:57:21 PST"]
[Termination "mirochka won by checkmate"]

1. e4 b6 2. d4 Bb7 3. Nc3 e6 4. Nf3 Bb4 5. Bd3 Nf6 6. Qe2 d5 7. exd5 Nxd5 8. Bd2 O-O 9. Nxd5 Bxd2+ 10. Qxd2 Bxd5 11.
O-O-O Nd7 12. Ng5 Nf6 13. c4 Bxg2 14. Rhg1 Bb7 15. Nxh7 Kh8 16. Nxf8 Qxf8 17. Qg5 Ng8 18. Rg3 Nh6 19. Rdg1 f5 20. Qxg7+ Qxg7 21. Rxg7 Rd8 22. Rxc7 Bf3 23. d5 exd5 24. Rgg7 dxc4 25. Rh7+ Kg8 26.
Bxc4+ Bd5 27. Bxd5+ Rxd5 28. Rxh6 f4 29. Rxa7 Rc5+ 30.
Kd2 Rd5+ 31. Ke2 Rc5 32. Rxb6 Rf5 33. Rb8+ Rf8 34. Rxf8+ Kxf8 35. b4 Kg8 36. b5 Kf8 37. b6 Ke8 38. b7 Kd8 39. b8=Q# 1-0

[Event "*** Titled Tuesday Blitz"]
[Site "Chess.com"]
[Date "2021.02.09"]
[Round "5"]
[White "garicradomir"]
[Black "albi1999"]
[Result "0-1"]
[WhiteElo "2226"]
[BlackElo "2627"]
[TimeControl "180+1"]
[EndTime "10:57:22 PST"]
[Termination "albi1999 won on time"]

1. e4 c5 2. Nf3 a6 3. c3 e6 4. d4 d5 5. exd5 exd5 6. Be3 cxd4 7. Bxd4 Nc6 8. Bd3 Nf6 9. O-O Be7 10. Re1 O-O 11. Nbd2 Bg4 12. h3 Bh5 13. Nf1 Nxd4 14. cxd4 Bd6 15. Ng3 Bg6 16. Bxg6 hxg6 17. Ne5 Qb6 18.
Qd2 Bb4 19. Qd3 Bxe1 20. Rxe1 Rac8 21. Re2 Rc1+ 22. Kh2 Qc7 23. f4 Ra1 24. f5 gxf5 25. Nxf5 Qc1 26. Ne7+ Kh8 27. N7g6+ fxg6 28. Nxg6+ Kg8 29.
Ne7+ Kh8 30. Ng6+ Kh7 31. Ne7+ Ne4 32. Rxe4 Qg1+ 33. Kg3 Qf2+ 34. Kh2 Qg1+ 35. Kg3 Qf2+ 36. Kh2 dxe4 37. Qxe4+ Kh8 38. Ng6+ Kg8 39. Qe6+ Rf7 40.
Qe8+ Kh7 0-1

[Event "*** Titled Tuesday Blitz"]
[Site "Chess.com"]
[Date "2021.02.09"]
[Round "5"]
[White "c_r_e_e_p_e_r"]
[Black "Chessmasterzt"]
[Result "0-1"]
[WhiteElo "2404"]
[BlackElo "2614"]
[TimeControl "180+1"]
[EndTime "10:57:22 PST"]
[Termination "Chessmasterzt won on time"]

1. d4 Nf6 2. c4 g6 3. f3 Bg7 4. e4 d6 5. Nc3 O-O 6. Nge2 a6 7. Be3 Nbd7 8. Qd2 c5 9. d5 Qa5 10.
Ng3 b5 11. cxb5 axb5 12. Bxb5 Ba6 13. Bxa6 Qxa6 14. Kf2 Rfb8 15. b3 Ne5 16. Rhd1 Qa5 17. Nge2 Qb4 18. h3 c4 19. Nd4 Nfd7 20. f4 Nd3+ 21.
Kg1 N7c5 22. Nc6 Qxc3 23. Nxb8 Qxd2 24. Bxd2 Bxa1 25. Nc6 Rxa2 26. bxc4 Kf8 27. f5 Ne5 28. Bh6+ Ke8 29. Rb1 Bb2 30. Bc1 Nxc6 31. dxc6 Ra1 32. Rxb2 Rxc1+ 33. Kh2 Kd8 0-1

[Event "*** Titled Tuesday Blitz"]
[Site "Chess.com"]
[Date "2021.02.09"]
[Round "5"]
[White "anon481216"]
[Black "A-S-00"]
[Result "1-0"]
[WhiteElo "2479"]
[BlackElo "2317"]
[TimeControl "180+1"]
[EndTime "10:57:23 PST"]
[Termination "anon481216 won by resignation"]

1. d4 Nf6 2. c4 c6 3. Nf3 d5 4. Nc3 dxc4 5. a4 Bf5 6. e3 e6 7. Bxc4 Bb4 8. O-O O-O 9. Qe2 Bg6 10. Ne5 Nbd7 11. Nxg6 hxg6 12. Rd1 Nb6 13. Bb3 Qe7 14. e4 e5 15. d5 cxd5 16. Nxd5 Nbxd5 17. exd5 Rad8 18. Bg5 e4 19. Rac1 Qe5 20. Bxf6 gxf6 21. g3 f5 22. Kg2 Kg7 23. f4 Qf6 24. Rc7 Qb6 25. Rdc1 Bd6 26. R7c3 Be7 27. Qb5 Rd6 28. Rc7 Bf6 29. Rxb7 Qe3 30. Qf1 Bxb2 31. Rcc7 Bd4 32. Bc4 Bb6 33. h4 Bxc7 34. Rxc7 Rb8 35. Qa1+ Kg8 36.
Qe5 Rb2+ 37. Qxb2 Rb6 38. Rc8+ 1-0

[Event "*** Titled Tuesday Blitz"]
[Site "Chess.com"]
[Date "2021.02.09"]
[Round "5"]
[White "Etud-otradnoe"]
[Black "PawnEatingZombie"]
[Result "1-0"]
[WhiteElo "2310"]
[BlackElo "2112"]
[TimeControl "180+1"]
[EndTime "10:57:24 PST"]
[Termination "Etud-otradnoe won on time"]

1. e4 c6 2. d4 d5 3. e5 Bf5 4.
c4 e6 5. Nc3 Ne7 6. a3 dxc4 7.
Bxc4 Nd7 8. Nge2 Nb6 9. Bb3 Ned5 10. O-O Be7 11. Ng3 Bg6 12. Nce4 O-O 13. f4 f5 14. exf6 Bxf6 15. Nc5 Qc8 16. Re1 Re8 17. Kh1 a5 18. Nge4 Bxe4 19. Rxe4 Kf7 20. Qh5+ Kg8 21. Qh3 a4 22.
Ba2 Nd7 23. Nxe6 Nf8 24. f5 Nxe6 25. fxe6 Qc7 26. Bd2 Qd6 27. Rae1 Re7 28. R1e2 Rae8 29. Be1 b6 30. Bg3 Qd8 31. Qf5 Nc7 32. h3 1-0

[Event "*** Titled Tuesday Blitz"]
[Site "Chess.com"]
[Date "2021.02.09"]
[Round "5"]
[White "HajiyevKanan"]
[Black "Colombiano07"]
[Result "0-1"]
[WhiteElo "2484"]
[BlackElo "2330"]
[TimeControl "180+1"]
[EndTime "10:57:25 PST"]
[Termination "Colombiano07 won by resignation"]

1. d4 d5 2. Nf3 c6 3. c4 Nf6 4. cxd5 cxd5 5. Nc3 a6 6. Bf4 Nc6 7. e3 Bg4 8. h3 Bxf3 9. Qxf3 e6 10. Bd3 Bd6 11. Bxd6 Qxd6 12. O-O O-O 13. a3 b5 14.
Rac1 Nd7 15. Rfd1 Nb6 16. e4 Nxd4 17. Qh5 g6 18. Qh6 Nb3 19. exd5 Nxc1 20. Ne4 Qe5 21. Rxc1 Nxd5 22. Rc5 Qxb2 23. Qg5 Rac8 24. Kh2 Rxc5 25. Nxc5 Qf6 26. Qxf6 Nxf6 27. Nxa6 Ra8 28. Bxb5 Nd5 29. Kg3 Kf8 30. Kf3 Ke7 31. h4 Kd6 32. Bd3 Kc6 33.
Kg4 Kb6 34. Kg5 h5 35. Kh6 Nf4 36. Bf1 Nxg2 37. Bxg2 Rxa6 38. Kg7 Ra7 39. f4 Kc5 40. Be4 Kd4 41. Bxg6 fxg6+ 42. Kxg6 Ke4 43. Kg5 Rxa3 44. Kxh5 Kxf4 45. Kg6 e5 46. h5 e4 47. h6 e3 48.
h7 Ra8 49. Kg7 e2 50. Kf7 e1=Q 51. h8=Q Rxh8 0-1

[Event "*** Titled Tuesday Blitz"]
[Site "Chess.com"]
[Date "2021.02.09"]
[Round "5"]
[White "Atco84"]
[Black "Chandradi"]
[Result "0-1"]
[WhiteElo "2482"]
[BlackElo "2340"]
[TimeControl "180+1"]
[EndTime "10:57:25 PST"]
[Termination "Chandradi won by resignation"]

1. b3 Nf6 2. Bb2 e6 3. g3 c5 4.
Bg2 Be7 5. c4 O-O 6. Nf3 Qc7 7.
d4 cxd4 8. Nxd4 a6 9. O-O d5 10. cxd5 Nxd5 11. e4 Nf6 12. Qe2 Nc6 13. Nxc6 bxc6 14. Nc3 Bb7 15. Rac1 Rfd8 16. Na4 a5 17. Rfd1 Rxd1+ 18. Qxd1 Rd8 19. Qc2 Nd7 20. Bd4 Ba3 21. Rd1 c5 22. Be3 Rc8 23. Bf1 Nf6 24. f3 h6 25. Bb5 Bc6 26. Nc3 Bb4 27. Bc4 Nd7 28. Nb1 Ne5 29. Be2 c4 30. bxc4 Bb5 31. a3 Be7 32.
Bf4 Bxc4 33. Bxc4 Qxc4 34. Qxc4 Nxc4 35. Rc1 Bc5+ 36. Kg2 Nb6 37. Nd2 Bxa3 38. Rb1 Bb4 39. Nb3 Nc4 40. Nd4 e5 41. Bxe5 Nxe5 0-1

[Event "*** Titled Tuesday Blitz"]
[Site "Chess.com"]
[Date "2021.02.09"]
[Round "5"]
[White "mapleaff"]
[Black "TregubovP"]
[Result "0-1"]
[WhiteElo "2402"]
[BlackElo "2603"]
[TimeControl "180+1"]
[EndTime "10:57:26 PST"]
[Termination "TregubovP won by checkmate"]

1. e4 e6 2. Nc3 d5 3. exd5 exd5 4. d4 Nf6 5. Bd3 Bd6 6. Bg5 c6 7. Qd2 Qe7+ 8. Nge2 h6 9. Bh4 Be6 10. O-O-O Nbd7 11. Rde1 O-O-O 12. Nf4 g5 13. Nxe6 fxe6 14. Bg3 Bxg3 15.
hxg3 Qd6 16. Re2 e5 17. Bf5 Kb8 18. dxe5 Nxe5 19. Rhe1 Nc4 20. Qd4 Qb4 21. Nd1 Rhf8 22. a3 Qa5 23. Re7 Qb6 24. c3 Qxd4 25. cxd4 Rde8 26.
f3 Nd6 27. Bg6 Rxe7 28. Rxe7 Nb5 29. Ne3 Nxd4 30. g4 a5 31. b4 axb4 32. axb4 Ka7 33. Kb2 Kb6 34. Nf5 Nxf5 35. Bxf5 Re8 36. Rf7 Ng8 37.
Kb3 Re3+ 38. Ka4 Ne7 39. Bd7 Kc7 40. Bf5 b5+ 41. Ka5 Ra3# 0-1

[Event "*** Titled Tuesday Blitz"]
[Site "Chess.com"]
[Date "2021.02.09"]
[Round "5"]
[White "elextranjero00"]
[Black "LogoCzar"]
[Result "1-0"]
[WhiteElo "2592"]
[BlackElo "2397"]
[TimeControl "180+1"]
[EndTime "10:57:26 PST"]
[Termination "elextranjero00 won by checkmate"]

1. Nf3 c6 2. e4 d5 3. d3 g6 4.
Nbd2 Bg7 5. d4 Bg4 6. e5 e6 7. h3 Bxf3 8. Nxf3 c5 9. c3 Nc6 10. Be3 c4 11. h4 h5 12. g3 b5 13. Ng5 Nge7 14. Bh3 Nf5 15. Bxf5 exf5 16. e6 fxe6 17. Nxe6 Qe7 18. Nf4 Qe4 19. O-O Kf7 20. Re1 Qe7 21.
Nxd5 Qd6 22. Qf3 Rad8 23. Nf4 Ne7 24. Nh3 Qd5 25. Ng5+ Kg8 26. Qf4 Bf6 27. a4 b4 28.
Qc7 Rd7 29. Qb8+ Kg7 30. Qxb4 Nc6 31. Qb5 Rb8 32. Qxd5 Rxd5 33. Re2 Na5 34. Bf4 Rb7 35. Ne6+ Kf7 36. Nc5 Re7 37. Rae1 Rxe2 38. Rxe2 Be7 39. Ne6 Rd7 40. Bg5 Nc6 41. Bxe7 Rxe7 42. Ng5+ Kf6 43. Rxe7 Nxe7 44. Nf3 Nd5 45. Ne5 Nb6 46. a5 Na4 47.
Nxc4 Ke6 48. Kf1 Kd5 49. Ne3+ Ke4 50. Ke2 f4 51. f3# 1-0

[Event "*** Titled Tuesday Blitz"]
[Site "Chess.com"]
[Date "2021.02.09"]
[Round "5"]
[White "tylityli"]
[Black "Nathan_Filgueiras"]
[Result "0-1"]
[WhiteElo "2276"]
[BlackElo "2448"]
[TimeControl "180+1"]
[EndTime "10:57:26 PST"]
[Termination "Nathan_Filgueiras won on time"]

1. d4 Nf6 2. c4 e6 3. Nc3 Bb4 4. e3 O-O 5. Ne2 c6 6. a3 Ba5 7.
b4 Bc7 8. f4 d5 9. c5 g5 10. Ng3 gxf4 11. exf4 Kh8 12. Bd3 Rg8 13. O-O Nbd7 14. Nh5 Nf8 15. Kh1 Ng4 16. g3 Ng6 17. f5 exf5 18. Bxf5 Bxf5 19. Rxf5 Nxh2 20. Kxh2 Qh4+ 21. Kg2 Ne7 22. Qf3 Nxf5 23. Qxf5 Rxg3+ 24. Nxg3 Qxg3+ 25. Kf1 Rg8 26. Qf6+ Rg7 27. Bd2 Qg1+ 28. Ke2 Qg2+ 29. Kd3 Qg3+ 30. Kc2 Qg2 31. Rf1 Bg3 32. Rf3 Bh4 0-1

[Event "*** Titled Tuesday Blitz"]
[Site "Chess.com"]
[Date "2021.02.09"]
[Round "5"]
[White "EvilMorty23"]
[Black "OlifantCZ"]
[Result "0-1"]
[WhiteElo "2445"]
[BlackElo "2268"]
[TimeControl "180+1"]
[EndTime "10:57:26 PST"]
[Termination "OlifantCZ won by resignation"]

1. e4 e6 2. d4 d5 3. Nd2 c5 4. Ngf3 cxd4 5. exd5 Qxd5 6. Bc4 Qd6 7. O-O Nf6 8. Nb3 Nc6 9. Nbxd4 Nxd4 10. Nxd4 a6 11. Bb3 Bd7 12. g3 Qc7 13. Re1 Be7 14. Bf4 Qb6 15. c3 O-O 16. Be5 Rad8 17. Qf3 Bc8 18.
Rad1 Nd7 19. Bf4 Nc5 20. Bc2 Bf6 21. Be5 Nd7 22. Qe4 g6 23. f4 Nxe5 24. fxe5 Bg7 25.
b3 Bd7 26. Kf1 Bc6 27. Nxc6 bxc6 28. Rd4 Qc5 29. Red1 Rxd4 30. cxd4 Qc3 31. Qd3 Qa5 32.
a4 Rd8 33. Qc4 Qb6 34. Ke2 a5 35. Be4 Rc8 36. Rc1 Rb8 37. Rc3 Bf8 38. Qxc6 Qxd4 39. Qc7 Qxe4+ 40. Re3 Qb7 41. Qc4 Qg2+ 42. Ke1 Bb4+ 43.
Kd1 Rd8+ 44. Rd3 Qf1+ 45. Kc2 Qe2+ 46. Kc1 Rxd3 47. Qc2 Rc3 48. Qxc3 Bxc3 0-1

[Event "*** Titled Tuesday Blitz"]
[Site "Chess.com"]
[Date "2021.02.09"]
[Round "5"]
[White "Ze-Pequeno"]
[Black "MFguimaraes"]
[Result "0-1"]
[WhiteElo "2230"]
[BlackElo "2418"]
[TimeControl "180+1"]
[EndTime "10:57:26 PST"]
[Termination "MFguimaraes won on time"]

1. e4 e5 2. Nf3 Nc6 3. Nc3 Nf6 4.
d4 exd4 5. Nxd4 Bb4 6. Nxc6 bxc6 7. Bd3 O-O 8. O-O Re8 9. Bg5 h6 10. Bh4 g5 11. Bg3 Bxc3 12. bxc3 Nxe4 13. Qh5 d6 14.
Qxh6 Bf5 15. Rae1 Re6 16. Qh5 Bg6 17. Qd1 Nxc3 18. Qd2 Ne4 19. Bxe4 Rxe4 20. Rxe4 Bxe4 21. Re1 Bg6 22. Qc3 c5 23. h3 Qd7 24. Qf6 Qf5 25. Qe7 Rc8 26. c3 Qd5 27. a4 Qd2 28. Re3 Qd5 29. Kh2 Kg7 30. Qd7 Bf5 31. Qe7 Be6 32. c4 Qf5 33. Rf3 Qg6 34. Rc3 Rh8 35. Qxc7 Bf5 36. Bxd6 Re8 37. Qxc5 Qe6 38. Rg3 f6 39.
Qd4 Kg6 40. c5 Rd8 41. Rf3 Qe4 42. Qxe4 Bxe4 43. Re3 f5 44. f3 Bd5 45. Re5 Bc6 46. a5 a6 47. Kg1 Bb5 48. Kf2 f4 49. Re6+ Kf7 50. Re7+ Kf6 0-1